 Dungeon Crawl Stone Soup version 0.31-a0-108-gdf935468f2 (webtiles) character file.

Game seed: 9670581500775287050

95 loir the Ducker (level 4, -1/37 HPs)
             Began as a Merfolk Gladiator on May 28, 2023.
             Slain by an orc
             ... wielding a +0 trident
              (5 damage)
             ... on level 3 of the Dungeon.
             The game lasted 00:06:39 (1425 turns).

loir the Ducker (Merfolk Gladiator)                 Turns: 1425, Time: 00:06:40

Health: -1/37      AC:  4    Str: 16    XL:     4   Next: 66%
Magic:  0/4        EV: 13    Int:  7    God:
Gold:   9          SH:  0    Dex: 15    Spells: 3/3 levels left

rFire   . . .        a - +0 trident
rCold   . . .        (no shield)
rNeg    . . .        b - +0 leather armour
rPois   .            c - +0 helmet
rElec   .            (no cloak)
rCorr   .            (no gloves)
SInv    .            (no boots)
Will    .....        l - amulet of guardian spirit
Stlth   +            (no ring)
HPRegen 0.26/turn    (no ring)
MPRegen 0.09/turn

%: guardian spirit
@: no status effects
A: (nimble swimmer 2), mertail
a: no special abilities


You were on level 3 of the Dungeon.
You visited 1 branch of the dungeon, and saw 3 of its levels.

You collected 9 gold pieces.

Inventory:

Hand Weapons
 a - a +0 trident (weapon)
Missiles
 d - 3 throwing nets (quivered)
 o - 2 poisoned darts
Armour
 b - a +0 leather armour (worn)
 c - a +0 helmet (worn)
Jewellery
 l - an amulet of guardian spirit (around neck)
Potions
 f - 3 potions of mutation
 g - a potion of magic
 h - a potion of ambrosia {unknown}
 i - a potion of lignification {unknown}
 j - a potion of cancellation {unknown}
 k - a potion of heal wounds
 m - 2 potions of attraction
 n - 2 potions of brilliance {unknown}


   Skills:
 * Level 3.6 Fighting
 + Level 4.7 Polearms
 + Level 2.7 Throwing
 + Level 4.7 Dodging


You had 3 spell levels left.
You didn't know any spells.
Your spell library contained the following spells:

 Spells                   Type           Power      Damage    Failure   Level
 Shock                    Conj/Air       0%         1d3       50%         1
 Swiftness                Air            0%         N/A       86%         3
 Airstrike                Air            0%         2d(0-16)  99%         4


Dungeon Overview and Level Annotations

Branches:
Dungeon (3/15)

Altars:
Gozag
Hepliaklqana

Annotations:
D:3 Robin


Innate Abilities, Weirdness & Mutations

((You are very nimble when in or above water. (Stealth+, EV+, Speed+++)))
Your lower body shifts to a powerful aquatic tail in water.


Message History

You kill the goblin!
The goblin shoots a sling bullet.
The sling bullet closely misses you.
The sling bullet barely misses the goblin.
The goblin hits you but does no damage.
The orc hits you from afar with a +0 trident!
The goblin shoots a sling bullet.
The sling bullet hits you.
You are too injured to fight recklessly!
You are too injured to fight recklessly!
You are too injured to fight recklessly!
You are too injured to fight recklessly!
You hit the goblin but do no damage.
The orc hits you from afar with a +0 trident.
The goblin closely misses you.
A goblin comes into view. It is wielding a +0 dagger.
The goblin shouts!
You hit the goblin.
The goblin is severely wounded.
The goblin hits you with a +0 club.
The orc hits you from afar with a +0 trident.
* * * LOW HITPOINT WARNING * * *
The goblin unwields a +0 sling.
The goblin wields a +0 club.
The goblin closely misses you.
You closely miss the goblin.
The goblin is severely wounded.
The goblin hits you with a +0 club.
* * * LOW HITPOINT WARNING * * *
The orc closely misses you. The goblin closely misses you.
You closely miss the goblin.
The goblin is severely wounded.
The orc hits you from afar with a +0 trident.
* * * LOW HITPOINT WARNING * * *
The goblin barely misses you. The goblin completely misses you.
You puncture the goblin!
You kill the goblin!
Robin hits you with a +0 spear.
* * * LOW HITPOINT WARNING * * *
The orc closely misses you. The goblin closely misses you.
You closely miss the goblin.
The orc hits you from afar with a +0 trident.
You die...

#############
#...........######+###
#............... ....#
##..........#..# ....#
#..........##o##....#
#.........g.ggg@)..#
########.#.#####g#.#
........#.......#.....
#######.#.#...#.#.##.#
#.......#.#._.#.#.# #
#.###g#.#.#...#.#.#
g)g..#.......#...
.g.##.#.#####.#...
..gg. #........


You could see Robin, an orc, 2 hobgoblins and 2 goblins.

Vanquished Creatures
  A gnoll (D:1)
  3 adders (D:2)
  A worm (D:2)
  2 dart slugs (D:2)
  4 endoplasms
  3 giant cockroaches
  12 goblins
  3 hobgoblins
  3 jackals (D:2)
  4 ball pythons
  2 bats (D:2)
  7 frilled lizards (D:1)
  3 kobolds
  6 rats
54 creatures vanquished.

Notes
Turn   | Place    | Note
-------+----------+-------------------------------------------
     0 | D:1      | loir the Merfolk Gladiator began the quest for the Orb.
     0 | D:1      | Reached XP level 1. HP: 16/16 MP: 1/1
   262 | D:1      | Reached XP level 2. HP: 21/23 MP: 2/2
   469 | D:1      | Reached XP level 3. HP: 28/28 MP: 3/3
   900 | D:2      | Reached XP level 4. HP: 27/35 MP: 4/4
  1109 | D:2      | Found an opulent altar of Gozag.
  1392 | D:3      | Found a hazy altar of Hepliaklqana.
  1397 | D:3      | Noticed Robin
  1425 | D:3      | Slain by an orc

Illustrated notes

Levels and vault maps discovered:
D:1:      nicolae_arrival_washed_ashore, layout_loops_cross, minmay_lizard_pond
D:2:      minmay_alternating_diamond, layout_rooms, basic_altar
D:3:      layout_basic, mainiacjoe_overflow_cross_hatched,
          kennysheep_vampire_church, ebering_ghost_rock_garden,
          shapermc_ecumenical_altar_venn, roderic_roman_lattice, uniq_robin,
          uniq_jessica

Skill      XL: |  1  2  3 |
---------------+----------+-----
Fighting       | 3 |  3.6
Polearms       | |  4.7
Throwing       | |  2.7
Dodging        | |  4.7

Action                     |  1- 3 |  4- 6 || total
---------------------------+-------+-------++-------
  Melee: Trident           |    78 |    67 ||   145
  Throw: Javelin           |     1 |     1 ||     2
    Use: Scroll            |     8 |       ||     8
 Armour: Leather armour    |    15 |    17 ||    32
  Dodge: Dodged            |    50 |    61 ||   111

Table legend: (Time is in decaauts)
 A = Elapsed time spent in this place.
 B = Non-inter-level travel time spent in this place.
 C = Inter-level travel time spent in this place.
 D = Time resting spent in this place.
 E = Time spent auto-exploring this place.
 F = Levels seen in this place.
 G = Mean time per level.
                   A        B        C        D        E       F      G
               +--------+--------+--------+--------+--------+-----+--------+
         Total |   1436 |   1352 |     84 |      0 |   1048 |   3 |  478.7 |
       Dungeon |   1436 |   1352 |     84 |      0 |   1048 |   3 |  478.7 |
               +--------+--------+--------+--------+--------+-----+--------+

Top non-repeatable levels by time:
     D:1: 759 daAuts
     D:2: 633 daAuts
     D:3: 44 daAuts
